 Dungeon Crawl Stone Soup version 0.18-a0-1466-g2490093 (webtiles) character file.

284 Duffy the Ruffian (level 6, -1/51 HPs)
             Began as a Naga Transmuter on Mar 1, 2016.
             Slain by a gnoll
             ... wielding a cursed +0 spear
              (12 damage)
             ... on level 3 of the Dungeon.
             The game lasted 00:04:47 (3344 turns).

Duffy the Ruffian (Naga Transmuter)                 Turns: 3344, Time: 00:04:47

Health: -1/51      AC:  2    Str: 14    XL:     6   Next: 29%
Magic:  4/9        EV: 19    Int: 13    God:
Gold:   87         SH:  0    Dex: 19    Spells: 3 memorised, 3 levels left

rFire  . . .     SeeInvis +       - Unarmed
rCold  . . .     Gourm    .     (armour currently unavailable)
rNeg   . . .     Faith    .     (shield currently unavailable)
rPois  x         Spirit   .     (helmet currently unavailable)
rElec  .         Dismiss  .     (cloak currently unavailable)
rCorr  .         Reflect  .     (gloves currently unavailable)
SustAt .         Harm     .     (no barding)
MR     .....                    (no amulet)
Stlth  ++........               (no ring)
                                o - +2 ring of dexterity

@: spider-form, not resistant to hostile enchantments, unstealthy
A: see invisible, (deformed body), (poison resistance), (slowness 0), slow
metabolism 1, spit poison 2, AC +2
a: Spit Poison, End Transformation


You were on level 3 of the Dungeon.
You were not hungry.
You were a venomous arachnid creature.
You visited 1 branch of the dungeon, and saw 3 of its levels.
You also visited: Sewer.

You collected 87 gold pieces.


Innate Abilities, Weirdness & Mutations

You cannot wear boots.
((Your serpentine skin is tough (AC +2).))
You have supernaturally acute eyesight.
((Armour fits poorly on your strangely shaped body.))
((Your system is resistant to poisons.))
((You cover ground very slowly.))
You have a slow metabolism.
You can spit poison.


   Skills:
 + Level 1.2 Fighting
 - Level 1.5 Dodging
 + Level 5.6 Unarmed Combat
 - Level 2.0 Spellcasting
 - Level 3.8 Transmutations
 - Level 2.0 Poison Magic


You had 3 spell levels left.
You knew the following spells:

 Your Spells              Type           Power        Failure   Level  Hunger
a - Beastly Appendage     Trmt           ##....       21%         1    ##.....
b - Sticks to Snakes      Trmt           ##......     24%         2    ###....
l - Spider Form           Trmt/Pois      #.........   50%         3    ####...

Inventory:

Missiles
 a - 44 arrows
 y - 4 tomahawks (quivered)
Armour
 b - a +0 robe (melded)
 n - a +4 ring mail
Jewellery
 o - a +2 ring of dexterity (left front leg)
Wands
 t - a wand of flame (28/48)
Scrolls
 e - 3 scrolls of recharging {unknown}
 h - 3 scrolls of identify {unknown}
 i - a scroll of enchant armour {unknown}
 j - a scroll of enchant weapon {unknown}
 m - 2 scrolls of remove curse {unknown}
 s - a scroll of immolation {unknown}
 v - a scroll of teleportation {unknown}
 w - a scroll of blinking {unknown}
Potions
 f - a potion of degeneration {unknown}
 g - a potion of haste {unknown}
 l - a potion of resistance {unknown}
 q - 2 potions of heal wounds {unknown}
 r - 2 potions of beneficial mutation {unknown}
 u - a potion of ambrosia {unknown}
 z - a potion of curing {unknown}
Books
 c - a book of Changes
Comestibles
 d - 2 bread rations
 k - 2 meat rations
 p - a slice of pizza

Dungeon Overview and Level Annotations

Branches:
Dungeon (3/15)

Altars:
Gozag


Message History

You kill the gnoll!
The gnoll hits you from afar with a spear!
The gnoll closely misses you.
You hit the gnoll.
The gnoll is poisoned.
The gnoll is moderately wounded.
The gnoll hits you from afar with a spear.
You hit the gnoll.
The gnoll looks even sicker.
The gnoll is severely wounded.
Your transformation has ended.
Your +0 robe unmelds from your body.
The gnoll hits you with a halberd! The gnoll barely misses you.
You hit the gnoll.
The gnoll is severely wounded.
You kill the gnoll!
The gnoll hits you from afar with a spear.
You are too injured to fight recklessly!
Cast which spell? (? or * to list)
You turn into a venomous arachnid creature.
Your +0 robe melds into your body.
The gnoll barely misses you.
A gnoll comes into view.
The gnoll hits you with a spear.
Things that are here:
a whip; a gnoll corpse You are too injured to fight recklessly!
You are too injured to fight recklessly!
You are too injured to fight recklessly!
You hit the gnoll but do no damage. The gnoll closely misses you.
You hit the gnoll.
The gnoll is heavily wounded.
The gnoll closely misses you. The gnoll hits you with a spear.
You barely miss the gnoll.
The gnoll is heavily wounded.
The gnoll closely misses you. x2
You barely miss the gnoll. The gnoll hits you. The gnoll hits you with a spear!
You die...

#.# .# #.# ...###.######
### .............# #..
....##...###.# #.# ..
#.....## #.#
##...###.###.####.# ##.##
#...gg...... #.# #s)# #..
#.# #..##.#..# ##'##
#........# ##...##
#..##..#.# ##.....##
#.%###.#.# ##.......##
#...##.#.#
#.........###........#####
+.........'...............
#.........####.<.#.######


You could see 2 gnolls.

Action                   |  1- 3 |  4- 6 || total
-------------------------+-------+-------++-------
Melee: Unarmed           |    25 |   122 ||   147
 Cast: Spider Form       |       |    10 ||    10
 Abil: Spit Poison       |    34 |    11 ||    45
 Stab: Sleeping          |     1 |     2 ||     3
  Eat: Chunk             |     2 |     8 ||    10

Notes
Turn   | Place    | Note
--------------------------------------------------------------
     0 | D:1      | Duffy the Naga Transmuter began the quest for the Orb.
     0 | D:1      | Reached XP level 1. HP: 18/18 MP: 3/3
   171 | D:1      | Reached XP level 2. HP: 22/25 MP: 5/5
   209 | D:1      | Learned a level 2 spell: Sticks to Snakes
   455 | D:1      | Reached skill level 4 in Unarmed Combat
   720 | D:1      | Reached XP level 3. HP: 31/31 MP: 6/6
   725 | D:1      | Learned a level 3 spell: Spider Form
   879 | D:2      | Reached skill level 1 in Poison Magic
   951 | D:2      | Found an opulent altar of Gozag.
   995 | D:2      | Reached skill level 2 in Poison Magic
  1057 | D:2      | Reached XP level 4. HP: 38/38 MP: 7/7
  1508 | D:2      | Noticed a phantom
  2387 | D:3      | Found a glowing drain.
  2399 | Sewer    | Entered a sewer
  2417 | Sewer    | Noticed Purgy
  2433 | Sewer    | Killed Purgy
  2433 | Sewer    | Reached skill level 5 in Unarmed Combat
  2433 | Sewer    | Reached skill level 3 in Transmutations
  2433 | Sewer    | Reached XP level 5. HP: 9/44 MP: 2/8
  3008 | D:3      | Reached XP level 6. HP: 39/51 MP: 2/9
  3114 | D:3      | Noticed Jessica
  3122 | D:3      | Killed Jessica
  3344 | D:3      | Slain by a gnoll

Vault maps used:
D:1:      eino_arrival_tree_alley, minmay_crystal_water, minmay_misc_feat_rugged
D:2:      nicolae_gozag_seed_capital
D:3:      gup_sewer_entry_bubbles, uniq_jessica
Sewer:    kennysheep_door_sewer

Vanquished Creatures
  Purgy
  An orc priest Jessica
  3 adders
  2 gnolls
  A river rat
  2 dart slugs
  A giant gecko
  3 orcs
  6 giant cockroaches
  10 hobgoblins
  4 jackals
  A ball python
  6 bats
  5 giant newts
  7 goblins
  10 kobolds
  9 rats
73 creatures vanquished.
